 Dungeon Crawl Stone Soup version 0.26.0-10-g1f06aea511 (webtiles) character file.

Game seed: 1804065959954143368

1227 Arum the Skirmisher (level 8, -8/67 HPs)
             Began as a Formicid Fighter on Jan 17, 2021.
             Was a Priest of Qazlal.
             Mangled by Pikel
             ... wielding a +2 whip of electrocution
              (14 damage)
             ... on level 6 of the Dungeon.
             The game lasted 00:05:58 (4115 turns).

Arum the Skirmisher (Formicid Fighter)              Turns: 4115, Time: 00:05:58

Health: -8/67      AC: 12    Str: 24    XL:     8   Next: 76%
Magic:  8/8        EV: 10    Int: 13    God:    Qazlal [***...]
Gold:   241        SH:  8    Dex: 10    Spells: 7/7 levels left

rFire    . . .     SeeInvis +   a - +0 quarterstaff
rCold    . . .     Faith    .   h - +0 buckler
rNeg     . . .     Spirit   .   p - +0 scale mail (curse)
rPois    .         Reflect  .   (helmet unavailable)
rElec    .         Harm     .   (no cloak)
rCorr    .         Rampage  .   g - +2 pair of gloves
Will     .....                  q - +0 pair of boots
Stlth    ..........             (no amulet)
HPRegen  0.21/turn              u - +6 ring of intelligence
MPRegen  0.11/turn              (no ring)

@: no status effects
A: permanent stasis, dig shafts and tunnels, four strong arms, antennae 3
a: Dig, Shaft Self, Renounce Religion, Upheaval, Elemental Force


You were on level 6 of the Dungeon.
You worshipped Qazlal.
Qazlal was most pleased with you.
You visited 1 branch of the dungeon, and saw 7 of its levels.
You also visited: Sewer.

You collected 241 gold pieces.

Inventory:

Hand Weapons
 a - a +0 quarterstaff (weapon)
 r - a +2 whip of holy wrath
Armour
 c - a +0 kite shield
 g - a +2 pair of gloves (worn)
 h - a +0 buckler (worn)
 p - a cursed +0 scale mail (worn)
 q - a +0 pair of boots (worn)
Jewellery
 u - a +6 ring of intelligence (left hand)
Wands
 x - a wand of enslavement (9)
Scrolls
 b - 3 scrolls of remove curse {unknown}
 e - a scroll of teleportation {unknown}
 f - 12 scrolls of identify {unknown}
 m - a scroll of enchant weapon {unknown}
 t - a scroll of noise {unknown}
 v - a scroll of fear {unknown}
 w - a scroll of magic mapping {unknown}
 y - a scroll of fog {unknown}
 z - a scroll of enchant armour {unknown}
Potions
 d - a potion of might
 i - a potion of heal wounds {unknown}
 j - a potion of invisibility {unknown}
 k - 2 potions of degeneration {unknown}
 l - a potion of attraction {unknown}
 n - 5 potions of curing {unknown}
 o - 2 potions of magic {unknown}
 s - 3 potions of flight {unknown}


   Skills:
 + Level 7.1 Fighting
 + Level 6.0 Staves
 + Level 7.0 Armour
 - Level 3.6 Shields


You had 7 spell levels left.
You didn't know any spells.
Your spell library contained the following spells:

 Spells                   Type           Power        Failure   Level
 Magic Dart               Conj           0%           56%         1
 Call Imp                 Summ           0%           71%         2
 Slow                     Hex            0%           71%         2
 Conjure Flame            Conj/Fire      0%           90%         3
 Mephitic Cloud           Conj/Pois/Air  0%           90%         3
 Blink                    Tloc           Unusable     N/A         2

Dungeon Overview and Level Annotations

Branches:
Dungeon (7/15)              Sewer (visited)
 Temple: D:4-7

Altars:
Fedhas
Qazlal
Trog
Xom

Shops:
D:7 (

Annotations:
D:6 Dowan, Duvessa, Pikel


Innate Abilities, Weirdness & Mutations

You cannot be hasted, slowed, berserked, paralysed or teleported.
You can dig through walls and to a lower floor.
Your four strong arms can wield two-handed weapons with a shield.
You have a pair of large antennae on your head. (SInv)


Message History

Unknown command.
You hit Pikel.
Pikel is moderately wounded.
Pikel hits you but does no damage.
Unknown command.
You barely miss Pikel.
Pikel is moderately wounded.
Pikel hits you but does no damage. You block Pikel's attack.
Unknown command.
You see here a +0 trident.
Unknown command.
Pikel hits you with a +2 whip of electrocution.
* * * LOW HITPOINT WARNING * * *
You are electrocuted!
* * * LOW HITPOINT WARNING * * *
Unknown command.
Unknown command.
Pikel is engulfed in freezing vapours.
Pikel hits you with a +2 whip of electrocution!
You die...

#.#
##...##.#######.#
#######.#
#........>.......
#.......#
#....##.#######.#
#.#####.# #.#.###.#
#.##.#{.# #)#
#.#.###.###.# #..#
##.##.# #.## ##...#
##.## ##@#######
##.###K........
##..#○.#######. ##
#.##)..)......
#...###.##.)#######
#......#.......#
#.###.##..#### #
#e##..####.##
#.##..#......


You could see Pikel (berserk).

Vanquished Creatures
  Grinder (D:3)
  A sky beast (D:5)
  2 ogres (D:4)
  4 lemures (D:6)
  3 big kobolds
  A bullfrog zombie (D:6)
  A jelly (D:6)
  2 bullfrog skeletons
  2 orc wizards
  An orc priest (D:5)
  Jessica (D:3)
  3 worker ants
  Robin (D:3)
  10 adders
  A river rat (Sewer)
  A white imp (D:5)
  5 worms
  A dart slug (D:1)
  3 leopard geckos
  7 orcs
  2 ball pythons
  8 bats
  6 giant cockroaches
  16 goblins
  9 hobgoblins
  11 jackals
  2 quokkas
  4 frilled lizards
  A jackal skeleton (D:7)
  19 kobolds
  9 rats
138 creatures vanquished.

Notes
Turn   | Place    | Note
-------+----------+-------------------------------------------
     0 | D:1      | Arum the Formicid Fighter began the quest for the Orb.
     0 | D:1      | Reached XP level 1. HP: 18/18 MP: 1/1
   138 | D:1      | Reached XP level 2. HP: 24/24 MP: 2/2
   215 | D:1      | You fall into a shaft and drop 1 floor!
   224 | D:2      | Reached XP level 3. HP: 23/30 MP: 3/3
   419 | D:2      | Found a stormy altar of Qazlal.
   421 | D:2      | Noticed an air elemental
   422 | D:2      | Noticed a water elemental
   422 | D:2      | Noticed a fire elemental
   422 | D:2      | Noticed an earth elemental
   427 | D:2      | Became a worshipper of Qazlal Stormbringer
   722 | D:2      | Reached XP level 4. HP: 37/37 MP: 4/4
  1102 | D:2      | Reached * piety under Qazlal
  1226 | D:2      | Found a shimmering altar of Xom.
  1228 | D:2      | Found a blossoming altar of Fedhas.
  1232 | D:2      | Found a bloodstained altar of Trog.
  1300 | D:1      | Reached XP level 5. HP: 42/42 MP: 5/5
  1651 | D:3      | Found a faded altar of an unknown god.
  1718 | D:3      | Noticed Jessica
  1733 | D:3      | Killed Jessica
  1764 | D:3      | Found a glowing drain.
  1797 | D:3      | Reached ** piety under Qazlal
  1802 | Sewer    | Entered a sewer
  1925 | Sewer    | Noticed a big kobold
  1960 | Sewer    | Killed a big kobold
  1961 | Sewer    | Reached skill level 5 in Fighting
  1961 | Sewer    | Reached XP level 6. HP: 45/51 MP: 6/6
  2017 | Sewer    | Found a white marble altar of Elyvilon.
  2119 | D:3      | Reached skill level 5 in Armour
  2165 | D:3      | Noticed Robin
  2184 | D:3      | Killed Robin
  2270 | D:3      | Noticed Grinder
  2292 | D:3      | Killed Grinder
  2293 | D:3      | Reached XP level 7. HP: 17/57 MP: 7/7
  2738 | D:3      | You fall into a shaft and drop 3 floors!
  2811 | D:6      | Noticed Duvessa
  2821 | D:6      | Noticed Dowan
  2876 | D:5      | Entered Level 5 of the Dungeon
  2899 | D:5      | Reached *** piety under Qazlal
  2906 | D:5      | Reached skill level 5 in Staves
  2927 | D:5      | HP: 2/58 [sky beast (6)]
  2938 | D:5      | Reached XP level 8. HP: 5/64 MP: 8/8
  3880 | D:5      | You fall into a shaft and drop 2 floors!
  3880 | D:7      | Found Liuparad's Antique Weapon Boutique.
  4100 | D:6      | Noticed Pikel
  4115 | D:6      | Mangled by Pikel

Illustrated notes

Levels and vault maps discovered:
D:1:      kennysheep_arrival_forest, layout_rooms
D:2:      minmay_angry_zag, layout_basic, grunt_temple_overflow_open,
          nicolae_qazlal_style_of_elements
D:3:      layout_loops_ring, chequers_ecumenical_altar_grove,
          cheibrodos_sewer_entry_drain, uniq_grinder, uniq_jessica, uniq_robin
D:4:      layout_rooms
D:5:      layout_rooms, ebering_ghost_sewer_d
D:6:      layout_loops_ring, grunt_ministairs_9, minmay_misc_feat_roman,
          fedhas_altar_fruit_tree, uniq_duvessa, uniq_prince_ribbit1, uniq_pikel
D:7:      minmay_s_stair_smasher, layout_loops_cross, lemuel_doored_altar,
          temple_hall, serial_shops, shop

Skill      XL: |  1  2  3  4  5  6  7  8 |
---------------+-------------------------+-----
Fighting       | 4 5 6 7 |  7.1
Armour         | 4 5 6 7 |  7.0
Staves         | 3 4 5 6 |  6.0
Shields        | |  3.6

Action                   |  1- 3 |  4- 6 |  7- 9 || total
-------------------------+-------+-------+-------++-------
Melee: Quarterstaff      |    77 |   266 |   207 ||   550
 Abil: Dig               |       |     1 |     3 ||     4
Armor: Scale mail        |    61 |   108 |    66 ||   235
Dodge: Dodged            |    50 |   115 |    64 ||   229
Block: Buckler           |    21 |    88 |    77 ||   186
